 Dungeon Crawl Stone Soup version 0.27.1 (webtiles) character file.

Game seed: 15279368640203796779

66 pkoi the Poker (level 4, -1/34 HPs)
             Began as a Merfolk Gladiator on Aug 24, 2021.
             Slain by an orc wizard (2 damage)
             ... on level 3 of the Dungeon.
             The game lasted 00:02:26 (1811 turns).

pkoi the Poker (Merfolk Gladiator)                  Turns: 1811, Time: 00:02:26

Health: -1/34      AC:  8    Str: 15    XL:     4   Next: 15%
Magic:  4/4        EV: 12    Int:  7    God:
Gold:   74         SH:  0    Dex: 15    Spells: 3/3 levels left

rFire    + . .     SeeInvis .   a - +0 trident
rCold    . . .     Faith    .   (no shield)
rNeg     . . .     Spirit   .   o - +2 ring mail {rF+}
rPois    .         Reflect  .   c - +0 helmet
rElec    .         Harm     .   (no cloak)
rCorr    .         Rampage  .   (no gloves)
Will     .....                  (no boots)
Stlth    +.........             (no amulet)
HPRegen  0.11/turn              (no ring)
MPRegen  0.09/turn              (no ring)

@: no status effects
A: (nimble swimmer 2), mertail
a: no special abilities


You were on level 3 of the Dungeon.
You visited 1 branch of the dungeon, and saw 3 of its levels.

You collected 74 gold pieces.

Inventory:

Hand Weapons
 a - a +0 trident (weapon)
Missiles
 d - 3 throwing nets
 k - 7 javelins (quivered)
Armour
 c - a +0 helmet (worn)
 o - a +2 ring mail of fire resistance (worn)
Scrolls
 f - 2 scrolls of vulnerability {unknown}
 g - a scroll of immolation {unknown}
 h - a scroll of teleportation {unknown}
 i - a scroll of identify {unknown}
 l - a scroll of magic mapping {unknown}
 m - 2 scrolls of blinking {unknown}
 n - a scroll of fear {unknown}
Potions
 j - a potion of flight


   Skills:
 + Level 2.9 Fighting
 + Level 5.2 Polearms
 - Level 2.2 Throwing
 + Level 1.0 Armour
 + Level 4.6 Dodging


You had 3 spell levels left.
You didn't know any spells.
Your spell library was empty.

Dungeon Overview and Level Annotations

Branches:
Dungeon (3/15)

Altars:


Innate Abilities, Weirdness & Mutations

((You are quick and stealthy near water. (Stealth+, EV+, Speed+++)))
Your lower body shifts to a powerful aquatic tail in water.


Message History

You completely miss something. Something completely misses you.
It was a potion of curing.
You feel better.
An orc wizard appears from thin air!
Reactivating autopickup.
The orc wizard misses you.
You puncture the orc wizard!
The orc wizard is severely wounded.
The orc wizard gestures at you while chanting.
The puff of flame hits you. You resist.
* * * LOW HITPOINT WARNING * * *
You hit the orc wizard.
The orc wizard is severely wounded.
The orc wizard hits you but does no damage.
You hit the orc wizard but do no damage.
The orc wizard is severely wounded.
The orc wizard hits you but does no damage.
You closely miss the orc wizard.
The orc wizard is severely wounded.
The orc wizard points at you and mumbles some strange words.
The magic dart hits you.
* * * LOW HITPOINT WARNING * * *
You barely miss the orc wizard.
The orc wizard is severely wounded.
The orc wizard hits you but does no damage.
You hit the orc wizard.
The orc wizard is severely wounded.
The orc wizard hits you with a +0 dagger.
* * * LOW HITPOINT WARNING * * *
You closely miss the orc wizard.
The orc wizard is severely wounded.
The orc wizard hits you but does no damage.
You barely miss the orc wizard.
The orc wizard is severely wounded.
The orc wizard gestures at you while chanting.
The puff of flame hits you. You resist.
* * * LOW HITPOINT WARNING * * *
You closely miss the orc wizard.
The orc wizard is severely wounded.
The orc wizard hits you with a +0 dagger.
You die...

####### ....... ####### ###
..# ..#
..########################+#
..#..........#.............###
..'.............@......)......
..#..............o........#.##
#.#...................)...#
#.#.............###########
#.#...>........<#
.....########...# .....# #...#
.....# #...# ... #...


You could see an orc wizard.

Vanquished Creatures
  2 adders (D:2)
  2 orcs (D:3)
  7 endoplasms
  2 giant cockroaches
  A goblin (D:2)
  9 hobgoblins
  2 jackals (D:1)
  5 kobolds
  2 quokkas
  3 ball pythons
  2 bats (D:2)
  A frilled lizard (D:1)
  2 rats
  A spectral hobgoblin (D:2)
41 creatures vanquished.

Vanquished Creatures (others)
  9 toadstools (D:3)
9 creatures vanquished.

Grand Total: 50 creatures vanquished

Notes
Turn   | Place    | Note
-------+----------+-------------------------------------------
     0 | D:1      | pkoi the Merfolk Gladiator began the quest for the Orb.
     0 | D:1      | Reached XP level 1. HP: 16/16 MP: 1/1
   107 | D:1      | Reached XP level 2. HP: 19/23 MP: 2/2
   584 | D:2      | Reached XP level 3. HP: 17/28 MP: 3/3
   649 | D:2      | Reached skill level 5 in Polearms
  1055 | D:2      | Found a faded altar of an unknown god.
  1576 | D:2      | Reached skill level 1 in Armour
  1576 | D:2      | Reached XP level 4. HP: 22/34 MP: 4/4
  1800 | D:3      | HP: 1/34 [something (3)]
  1810 | D:3      | HP: 1/34 [orc wizard/puff of flame (3)]
  1811 | D:3      | Slain by an orc wizard

Illustrated notes

Levels and vault maps discovered:
D:1:      minmay_arrival_diagonal_passages, layout_rooms,
          minmay_misc_feat_pillars
D:2:      layout_loops_ring, serial_rivers, chequers_serial_rivers_micro_d,
          chequers_serial_rivers_marsh, chequers_serial_rivers_room_b,
          chequers_serial_rivers_micro_b,
          dreamdust_ecumenical_altar_drowned_temple
D:3:      cheibrodos_fertilizer, layout_basic, minivault_11, grunt_ministairs_9

Skill      XL: |  1  2  3 |
---------------+----------+-----
Polearms       | 5 |  5.2
Armour         | 1 |  1.0
Fighting       | |  2.9
Throwing       | |  2.2
Dodging        | |  4.6

Action                   |  1- 3 |  4- 6 || total
-------------------------+-------+-------++-------
Melee: Trident           |   106 |    37 ||   143
  Use: Potion            |       |     3 ||     3
 Stab: Sleeping          |     3 |       ||     3
Armor: Leather armour    |    14 |       ||    14
       Ring mail         |     3 |    18 ||    21
Dodge: Dodged            |    64 |    14 ||    78
